 Dungeon Crawl Stone Soup version 0.27-a0-1200-g94dc6ad4cf (webtiles) character file.

Game seed: 13386192638698866681

90 polve the Chopper (level 4, -1/33 HPs)
             Began as a Demonspawn Gladiator on May 30, 2021.
             Killed from afar by a white imp (12 damage)
             ... with a puff of frost
             ... on level 3 of the Dungeon.
             The game lasted 00:01:38 (2331 turns).

polve the Chopper (Demonspawn Gladiator)            Turns: 2331, Time: 00:01:38

Health: -1/33      AC:  7    Str: 15    XL:     4   Next: 32%
Magic:  4/4        EV: 10    Int: 10    God:
Gold:   65         SH:  0    Dex: 14    Spells: 3/3 levels left

rFire    . . .     SeeInvis .   a - +0 war axe
rCold    . . .     Faith    .   (no shield)
rNeg     . . .     Spirit   .   e - +0 scale mail
rPois    .         Reflect  .   c - +0 helmet
rElec    .         Harm     .   (no cloak)
rCorr    .         Rampage  .   (no gloves)
Will     .....                  (no boots)
Stlth    ..........             (no amulet)
HPRegen  0.11/turn              (no ring)
MPRegen  0.18/turn              (no ring)

@: no status effects
A: foul stench 1, magic regeneration
a: no special abilities


You were on level 3 of the Dungeon.
You visited 1 branch of the dungeon, and saw 3 of its levels.

You collected 65 gold pieces.

Inventory:

Hand Weapons
 a - a +0 war axe (weapon)
Missiles
 d - 3 throwing nets (quivered)
Armour
 c - a +0 helmet (worn)
 e - a +0 scale mail (worn)
Scrolls
 b - a scroll of amnesia {unknown}
 f - a scroll of teleportation {unknown}
 i - a scroll of magic mapping {unknown}
 j - a scroll of vulnerability {unknown}
 k - a scroll of enchant weapon {unknown}
 m - 2 scrolls of immolation {unknown}
 n - a scroll of brand weapon {unknown}
 o - a scroll of noise {unknown}
 p - a scroll of identify {unknown}
Potions
 g - a potion of degeneration {unknown}
 h - a potion of magic {unknown}
 l - a potion of curing {unknown}


   Skills:
 - Level 2.0 Fighting
 + Level 4.1 Axes
 - Level 1.7 Throwing
 - Level 2.0 Armour
 - Level 2.6 Dodging


You had 3 spell levels left.
You didn't know any spells.
Your spell library was empty.

Dungeon Overview and Level Annotations

Branches:
Dungeon (3/15)

Altars:
Sif Muna
Trog


Innate Abilities, Weirdness & Mutations

You may rarely emit foul miasma when damaged in melee.
You regenerate magic rapidly.


Message History

You are too injured to fight recklessly!
You are too injured to fight recklessly!
You are too injured to fight recklessly!
You are too injured to fight recklessly!
You are too injured to fight recklessly!
You are too injured to fight recklessly!
You are too injured to fight recklessly!
You are too injured to fight recklessly!
You are too injured to fight recklessly!
You are too injured to fight recklessly!
You are too injured to fight recklessly!
You are too injured to fight recklessly!
You are too injured to fight recklessly!
You are too injured to fight recklessly!
You are too injured to fight recklessly!
You are too injured to fight recklessly!
You are too injured to fight recklessly!
You are too injured to fight recklessly!
You are too injured to fight recklessly!
You are too injured to fight recklessly!
You hit the gnoll but do no damage. The gnoll hits you with a +3 spear.
You slash the gnoll!
The gnoll is severely wounded.
A white imp comes into view.
The gnoll hits you with a +3 spear. The gnoll closely misses you.
The white imp moves out of view.
You hit the gnoll.
The gnoll is severely wounded.
The gnoll hits you with a +3 spear!
You slash the gnoll!
You kill the gnoll!
Things that are here:
a +3 spear; a +0 animal skin A white imp is nearby!
A white imp is nearby!
A white imp is nearby!
The white imp shouts!
The white imp gestures at you. The puff of frost hits you!
You die...

#.#.# ####.#####...#
###.#.###..........#.##### #
#.........##.#####.......#
#.###.#.#.#####.####
#.#####.#
#.....#.#......##..# #.# #.#
#.##....########.._# #.# #.#
#.......# ##....# ..# #.#
#.#...#.# ##.).# ..# #.#
#.....#.#####..@## ...# ##.#
###........#...#∩# .### #..#
#.######....###...# #.##
#.#### #...## 5.# ##.#
#.##.###..## #### ##..#
#.....###### ##..####...####
##.......'.# ##...'..........
#))..####.####....####....###
#.#.## ##.......## ##..##


You could see a white imp.

Vanquished Creatures
  A gnoll (D:3)
  2 adders (D:2)
  A dart slug (D:2)
  3 orcs (D:3)
  4 ball pythons
  An endoplasm (D:1)
  A giant cockroach (D:2)
  9 goblins
  5 hobgoblins
  9 jackals
  A quokka (D:1)
  4 bats
  6 frilled lizards
  3 kobolds (D:1)
  3 rats
53 creatures vanquished.

Notes
Turn   | Place    | Note
-------+----------+-------------------------------------------
     0 | D:1      | polve the Demonspawn Gladiator began the quest for the Orb.
     0 | D:1      | Reached XP level 1. HP: 16/16 MP: 1/1
   434 | D:1      | Reached skill level 1 in Armour
   434 | D:1      | Gained mutation: You may rarely emit foul miasma when
                  | damaged in melee. [demonic ancestry]
   434 | D:1      | Reached XP level 2. HP: 22/22 MP: 2/2
   438 | D:1      | Reached skill level 3 in Axes
   577 | D:1      | You fall into a shaft and drop 1 floor!
   814 | D:1      | Reached XP level 3. HP: 21/27 MP: 3/3
  1055 | D:1      | Found a faded altar of an unknown god.
  1636 | D:2      | Found a shimmering blue altar of Sif Muna.
  1798 | D:2      | Gained mutation: You regenerate magic rapidly. [demonic
                  | ancestry]
  1798 | D:2      | Reached XP level 4. HP: 31/33 MP: 4/4
  2227 | D:3      | Reached skill level 4 in Axes
  2321 | D:3      | Found a bloodstained altar of Trog.
  2331 | D:3      | Killed from afar by a white imp

Illustrated notes

Levels and vault maps discovered:
D:1:      nzn_arrival_depleted_hourglass, layout_basic,
          ebering_ecumenical_altar_rust
D:2:      minmay_alternating_diamond, layout_basic, basic_altar,
          minmay_pentomino_x4
D:3:      layout_loops_corners, nzn_overflow_gifts_of_might_and_magic,
          nicolae_vehumet_radiance, uniq_terence

Skill      XL: |  1  2  3  4 |
---------------+-------------+-----
Armour         | 1 2 |  2.0
Axes           | 3 4 |  4.1
Fighting       | |  2.0
Throwing       | |  1.7
Dodging        | |  2.6

Action                   |  1- 3 |  4- 6 || total
-------------------------+-------+-------++-------
Melee: War axe           |   114 |    45 ||   159
 Stab: Sleeping          |     1 |       ||     1
Armor: Scale mail        |    70 |    38 ||   108
       Leather armour    |     1 |       ||     1
Dodge: Dodged            |    72 |    26 ||    98

Table legend: (Time is in decaauts)
 A = Elapsed time spent in this place.
 B = Non-inter-level travel time spent in this place.
 C = Inter-level travel time spent in this place.
 D = Time resting spent in this place.
 E = Time spent auto-exploring this place.
 F = Levels seen in this place.
 G = Mean time per level.
                   A        B        C        D        E       F      G
               +--------+--------+--------+--------+--------+-----+--------+
         Total |   2384 |   2267 |    117 |      0 |   1878 |   3 |  794.7 |
       Dungeon |   2384 |   2267 |    117 |      0 |   1878 |   3 |  794.7 |
               +--------+--------+--------+--------+--------+-----+--------+

Top non-repeatable levels by time:
     D:1: 1223 daAuts
     D:2: 996 daAuts
     D:3: 164 daAuts
